 Dungeon Crawl Stone Soup version 0.30-a0-297-g0ec75d9ef4 (webtiles) character file.

Game seed: 15186654902550561450

182 Lanoc the Grasshopper (level 5, 0/45 HPs)
             Began as a Draconian Warper on Oct 18, 2022.
             Succumbed to a scorpion's poison
             ... on level 4 of the Dungeon.
             The game lasted 00:06:25 (3048 turns).

Lanoc the Grasshopper (Draconian Warper)            Turns: 3048, Time: 00:06:26

Health: 0/45       AC:  5    Str: 13    XL:     5   Next: 34%
Magic:  8/8        EV: 12    Int: 15    God:
Gold:   182        SH:  0    Dex: 11    Spells: 3/8 levels left

rFire   . . .      SeeInvis .    a - +0 spear
rCold   . . .      Faith    .    (no shield)
rNeg    . . .      Spirit   .    (body armour unavailable)
rPois   .          Reflect  .    (helmet restricted)
rElec   .          Harm     .    (no cloak)
rCorr   .          Rampage  .    (no gloves)
Will    .....                    (no boots)
Stlth   +.........               (no amulet)
HPRegen 0.27/turn                (no ring)
MPRegen 0.11/turn                (no ring)

@: brilliant, lethally poisoned (0 -> -14), attractive, hasted, very quick
A: AC +5, unfitting armour, cold-blooded
a: no special abilities


You were on level 4 of the Dungeon.
You visited 1 branch of the dungeon, and saw 4 of its levels.

You collected 182 gold pieces.

Inventory:

Hand Weapons
 a - a +0 spear (weapon)
Missiles
 c - 4 boomerangs of dispersal (quivered)
Armour
 o - a +0 buckler
Scrolls
 b - a scroll of blinking
 e - a scroll of enchant armour {unknown}
 f - 2 scrolls of teleportation {unknown}
 j - 5 scrolls of identify {unknown}
 k - 2 scrolls of enchant weapon {unknown}
 l - 2 scrolls of vulnerability {unknown}
 n - a scroll of amnesia {unknown}
 p - a scroll of poison {unknown}
Potions
 d - a potion of attraction
 g - a potion of haste
 h - a potion of brilliance
 i - 2 potions of heal wounds {unknown}
 m - 3 potions of resistance {unknown}
 q - 2 potions of flight {unknown}


   Skills:
 + Level 3.3 Fighting
 + Level 3.0 Polearms
 - Level 0.8 Throwing
 + Level 3.0 Dodging
 - Level 2.0 Spellcasting
 * Level 4.5 Translocations


You had 3 spell levels left.
You knew the following spells:

 Your Spells              Type           Power      Damage    Failure   Level
a - Blink                 Tloc           44%        N/A       5%          2
b - Apportation           Tloc           44%        N/A       3%          1
c - Momentum Strike       Conj/Tloc      24%        3d8       13%         2

Your spell library contained the following spells:

 Spells                   Type           Power      Damage    Failure   Level
 Lesser Beckoning         Tloc           44%        N/A       11%         3
 Teleport Other           Tloc           22%        N/A       11%         3
 Necrotise                Necr           8%         1d4       22%         1
 Summon Small Mammal      Summ           8%         N/A       22%         1
 Vhi's Electric Charge    Tloc/Air       24%        N/A       26%         3
 Manifold Assault         Tloc           22%        N/A       34%         4
 Arcjolt                  Conj/Air       1%         1d11      99%         5
 Maxwell's Capacitive Co  Air            1%         ∞         100%        8


Dungeon Overview and Level Annotations

Branches:
Dungeon (4/15)             Temple (0/1) D:4

Altars:

Shops:
D:3 =

Annotations:
D:2 Sigmund


Innate Abilities, Weirdness & Mutations

Your plain brown scales are hard. (AC +5)
You cannot fit into any form of body armour.
You are cold-blooded and may be slowed by cold attacks.


Message History

The scorpion is lightly wounded.
You feel sick.
The scorpion stings you but does no damage.
The scorpion stings you.
You are more poisoned.
The scorpion poisons you!
You are too injured to fight recklessly!
It was a potion of attraction.
You feel attractive to monsters.
You feel very sick. The scorpion closely misses you.
Throw: 6 boomerangs (disperse)
Press: ? - help, Q - select action, (/) - cycle Shift-Dir - straight line, f - scorpion
Aim: a scorpion (lightly wounded, 56% to hit)
You throw a boomerang of dispersal.
The boomerang of dispersal hits the scorpion but does no damage.
The scorpion is lightly wounded.
* * * LOW HITPOINT WARNING * * *
You feel very sick. The scorpion stings you.
* * * LOW HITPOINT WARNING * * *
Throw: 5 boomerangs (disperse)
Press: ? - help, Q - select action, (/) - cycle Shift-Dir - straight line, f/p - scorpion
Aim: a scorpion (lightly wounded, 56% to hit)
You throw a boomerang of dispersal.
The boomerang of dispersal closely misses the scorpion.
* * * LOW HITPOINT WARNING * * *
You feel very sick. The scorpion stings you.
* * * LOW HITPOINT WARNING * * *
You are more poisoned.
The scorpion poisons you! The scorpion barely misses you.
It was a potion of haste.
You feel yourself speed up.
* * * LOW HITPOINT WARNING * * *
You feel very sick. The scorpion stings you.
* * * LOW HITPOINT WARNING * * *
It was a potion of brilliance.
You feel clever all of a sudden.
You die...

.......# ####### #
.......# #.# #
#......# #.#
#......######.######
##.....##...##.......
##<.....##....##......
#.......##..###.......
###(.s..............#.
#..@..#........####.
####..##....######..
#........#.......
##.........#.....
#.........##....
#.........###...
####........##.##..
#.#.............#..
##..................


You could see a scorpion.

Vanquished Creatures
  A hound (D:4)
  Terence (D:3)
  5 gnolls
  2 adders (D:3)
  A worm (D:2)
  5 dart slugs (D:1)
  An orc (D:3)
  A ball python (D:2)
  6 endoplasms
  5 giant cockroaches
  6 goblins
  6 hobgoblins (D:1)
  3 kobolds
  2 quokkas
  2 bats
  2 frilled lizards (D:1)
  4 rats
53 creatures vanquished.

Notes
Turn   | Place    | Note
-------+----------+-------------------------------------------
     0 | D:1      | Lanoc the Draconian Warper began the quest for the Orb.
     0 | D:1      | Reached XP level 1. HP: 17/17 MP: 3/3
    93 | D:1      | Reached XP level 2. HP: 25/25 MP: 5/5
   114 | D:1      | Learned a level 2 spell: Blink
   333 | D:1      | Reached XP level 3. HP: 30/30 MP: 6/6
  1223 | D:2      | Noticed Sigmund
  1915 | D:3      | Noticed Terence
  1926 | D:3      | Killed Terence
  1927 | D:3      | Reached skill level 4 in Translocations
  1927 | D:3      | Reached XP level 4. HP: 36/38 MP: 7/7
  1974 | D:3      | Learned a level 1 spell: Apportation
  1977 | D:3      | Learned a level 2 spell: Momentum Strike
  2183 | D:3      | Found Pudaotz's Jewellery Shoppe.
  2548 | D:4      | Reached XP level 5. HP: 40/45 MP: 8/8
  2668 | D:4      | Found a staircase to the Ecumenical Temple.
  3047 | D:4      | HP: 2/45 [poisoned by a scorpion]
  3048 | D:4      | Succumbed to a scorpion's poison

Illustrated notes

Levels and vault maps discovered:
D:1:      ncdulo_lavacross, layout_basic, minmay_hexomino_c4
D:2:      layout_loops_ring, minmay_tree_intersection, minmay_tripent,
          uniq_sigmund
D:3:      layout_loops_ring, serial_shops, shop, uniq_terence
D:4:      layout_cave_pools, temple_doors_e

Skill      XL: |  1  2  3  4  5 |
---------------+----------------+-----
Fighting       | 3 |  3.3
Translocations | 4 |  4.5
Polearms       | 3 |  3.0
Dodging        | 3 |  3.0
Throwing       | |  0.8
Spellcasting   | |  2.0

Action                   |  1- 3 |  4- 6 || total
-------------------------+-------+-------++-------
Melee: Spear             |   147 |   102 ||   249
       Tailslap          |    12 |    14 ||    26
       Punch             |     1 |       ||     1
Throw: Boomerang         |       |     3 ||     3
 Cast: Blink             |     1 |       ||     1
  Use: Potion            |       |     3 ||     3
 Stab: Sleeping          |       |     1 ||     1
Armor: Skin              |    24 |    23 ||    47
Dodge: Dodged            |    72 |    60 ||   132

Table legend: (Time is in decaauts)
 A = Elapsed time spent in this place.
 B = Non-inter-level travel time spent in this place.
 C = Inter-level travel time spent in this place.
 D = Time resting spent in this place.
 E = Time spent auto-exploring this place.
 F = Levels seen in this place.
 G = Mean time per level.
                   A        B        C        D        E       F      G
               +--------+--------+--------+--------+--------+-----+--------+
         Total |   3044 |   2854 |    190 |    157 |   2165 |   4 |  761.0 |
       Dungeon |   3044 |   2854 |    190 |    157 |   2165 |   4 |  761.0 |
               +--------+--------+--------+--------+--------+-----+--------+

Top non-repeatable levels by time:
     D:1: 966 daAuts
     D:3: 909 daAuts
     D:2: 840 daAuts
     D:4: 328 daAuts
